Map: Blueshift LE

Players

Jozam

  • Race: Terran Terran
  • League: Platinum
  • Spawn Location: 7:00

A.I. 1 (Medium) - Winner!

  • Race: Zerg Zerg
  • Spawn Location: 1:00

VOD

Have the link to the VOD?

Description

Time

  • Played on: Nov. 12, 2018, 10:26 a.m.
  • Length: 6:22
Show
View Real Time Build Order
Export as new Build Order

Jozam Terran 

Build Orders: Gas First Reaper Expand, Reaper Expand 

Get SALT Encoding   

  12  0:01  SCV  
  13  0:13  SCV  
  14  0:18  Supply Depot  
  14  0:25  SCV  
  15  0:28  Refinery  
  15  0:39  SCV  
  16  0:46  Barracks  
  16  0:51  SCV  
  17  1:03  SCV  
  18  1:16  SCV  
  19  1:32  Orbital Command  
  19  1:33  Reaper  
  20  1:45  Command Center  
  20  1:55  Factory  
  20  2:01  SCV  
  21  2:09  Barracks Reactor  
  21  2:10  Refinery  
  21  2:13  SCV  
  22  2:20  Supply Depot  
  22  2:25  SCV  
  23  2:42  SCV  
  23  2:43  Starport  
  24  2:54  SCV, Hellion  
  24  2:55  Hellion  
  29  2:58  Orbital Command  
  29  3:03  Barracks Tech Lab  
  29  3:06  SCV  
  30  3:16  Hellion  
  30  3:18  SCV, Hellion  
  35  3:25  Viking  
  37  3:28  SCV  
  37  3:33  SCV  
  39  3:36  Supply Depot  
  39  3:43  Stimpack  
  39  3:48  SCV  
  39  3:49  SCV  
  41  3:57  Starport Reactor  
  41  4:02  Command Center  
  41  4:07  Factory Tech Lab  
  41  4:09  SCV x2  
  43  4:17  Supply Depot  
  43  4:18  Marine  
  43  4:19  Supply Depot  
  43  4:21  SCV  
  45  4:25  SCV  
  45  4:28  Siege Tank  
  49  4:33  SCV  
  49  4:36  Marine  
  49  4:37  SCV  
  52  4:45  Starport Reactor, Barracks  
  52  4:47  Barracks  
  52  4:51  SCV x2  
  54  5:03  SCV x2  
  54  5:06  Refinery  
  56  5:07  Refinery  
  56  5:10  Engineering Bay x2  
  56  5:15  SCV x2  
  56  5:16  Marine  
  56  5:17  Siege Tank  
  62  5:25  Medivac x2  
  66  5:30  SCV x2  
  66  5:31  Orbital Command  
  68  5:45  SCV  
  68  5:46  SCV  
  70  5:53  Marine x4, Marauder  
Show
View Real Time Build Order
Export as new Build Order

A.I. 1 (Medium) Zerg - Winner!

Build Orders: 1 Base Baneling Bust, Pool Only 

Get SALT Encoding   

  12  0:00  Drone  
  13  0:12  Overlord  
  13  0:16  Drone  
  14  0:31  Drone  
  14  0:33  Drone  
  16  0:43  Spawning Pool  
  16  0:45  Drone  
  16  0:49  Drone  
  17  0:51  Extractor  
  17  0:56  Drone  
  17  1:06  Overlord  
  17  1:30  Queen  
  17  1:31  Zergling x2  
  20  1:36  Roach Warren  
  20  1:38  Drone  
  20  1:43  Extractor  
  20  1:46  Zergling x2  
  20  1:49  Drone  
  21  2:00  Drone  
  22  2:10  Overlord  
  22  2:21  Roach  
  24  2:36  Roach  
  26  2:40  Overlord  
  26  2:50  Roach  
  28  2:58  Drone  
  29  3:01  Drone  
  29  3:04  Roach  
  32  3:10  Overlord  
  32  3:14  Drone  
  32  3:18  Drone  
  32  3:19  Roach  
  36  3:25  Drone  
  37  3:34  Baneling Nest  
  37  3:36  Roach  
  37  3:40  Drone, Evolution Chamber  
  38  3:43  Drone  
  38  3:46  Drone  
  40  3:50  Roach  
  42  4:04  Roach  
  44  5:22  Zergling x2  
Tags
 
Add a new tag
Caveats
  • Supply blocks, unpowered buildings, or Contaminate may cause inaccurate times.
  • Supply counts are checked every 10 seconds.